 Dungeon Crawl Stone Soup version 0.17.1-1-g73c8601 (webtiles) character file.

54708 Garfong the Arsonist (level 14, -1/84 HPs)
             Began as a Deep Elf Fire Elementalist on Oct 29, 2016.
             Was a High Priest of Vehumet.
             Shot with a poisoned arrow by Nessos (5 damage)
             ... on level 3 of the Orcish Mines.
             The game lasted 01:50:15 (27281 turns).

Garfong the Arsonist (Deep Elf Fire Elementalist)  Turns: 27281, Time: 01:50:16

Health: -1/84      AC: 13    Str:  5    XL:     14   Next: 35%
Magic:  20/32      EV: 21    Int: 31    God:    Vehumet [*****.]
Gold:   1786       SH:  0    Dex: 15    Spells: 8 memorised, 11 levels left

rFire  . . .     SeeInvis .     G - +4 lajatang (protect)
rCold  . . .     Clarity  .     J - +2 robe {MR+}
rNeg   . . .     SustAt   .     (shield currently unavailable)
rPois  .         Gourm    .     y - +2 hat
rElec  .         Spirit   .     e - +0 cloak
rCorr  .         Warding  .     R - +0 pair of gloves
rMut   .         Stasis   .     (no boots)
MR     ++...                    (no amulet)
Stlth  ++........               f - +5 ring of intelligence
                                V - +2 ring of evasion

@: very slightly contaminated, delayed fireball, very resistant to hostile
enchantments, unstealthy
A: no striking features
a: Renounce Religion, Release Delayed Fireball


You were on level 3 of the Orcish Mines.
You worshipped Vehumet.
Vehumet was extremely pleased with you.
You were not hungry.

You visited 4 branches of the dungeon, and saw 22 of its levels.
You also visited: Labyrinth and Bailey.

You collected 1786 gold pieces.

Inventory:

Hand Weapons
 n - a +1 short sword of freezing
 G - a +4 lajatang of protection (weapon)
Armour
 e - a +0 cloak (worn)
 y - a +2 hat (worn)
 J - a +2 robe of magic resistance (worn)
 R - a +0 pair of gloves (worn)
 T - a +0 buckler
Rods
 W - a +4 rod of the swarm (13/13)
   (You found it in a labyrinth)
Jewellery
 f - a +5 ring of intelligence (right hand)
 g - an uncursed ring of flight
 u - an uncursed ring of positive energy
 F - an uncursed amulet of stasis
 S - an uncursed ring of sustain attributes
 V - a +2 ring of evasion (left hand)
Wands
 p - a wand of fire (3)
 K - a wand of invisibility (7)
 L - a wand of fire (7)
 O - a wand of teleportation (4)
 Z - a wand of disintegration (16)
Scrolls
 d - 12 scrolls of remove curse
 o - 4 scrolls of identify
 q - 5 scrolls of recharging
 r - 3 scrolls of fear
 M - 4 scrolls of teleportation
 P - a scroll of immolation {unknown}
 Q - 2 scrolls of enchant armour
Potions
 h - 2 potions of ambrosia
 j - 3 potions of agility
 k - 3 potions of curing
 m - 3 potions of brilliance
 t - a potion of berserk rage
 v - a potion of haste
 w - a potion of lignification
 z - 2 potions of heal wounds
 A - a potion of cancellation
 E - a potion of flight
 H - 5 potions of might
Books
 b - a book of Flames

   Spells                             Type                      Level
   a - Flame Tongue                   Conjuration/Fire             1
   b - Throw Flame                    Conjuration/Fire             2
   c - Conjure Flame                  Conjuration/Fire             3
   d - Inner Flame                    Hexes/Fire                   3
   e - Sticky Flame                   Conjuration/Fire             4
   f - Fireball                       Conjuration/Fire             5
 x - a Grand Grimoire

   Spells                             Type                      Level
   a - Monstrous Menagerie            Summoning                    6
   b - Summon Greater Demon           Summoning                    7
   c - Malign Gateway                 Summoning/Translocation      7
   d - Summon Horrible Things         Summoning                    8
 B - an Akashic Record

   Spells                             Type                      Level
   a - Dispersal                      Translocation                6
   b - Malign Gateway                 Summoning/Translocation      7
   c - Disjunction                    Translocation                8
   d - Controlled Blink               Translocation                8
 C - a book of Conjurations

   Spells                             Type                      Level
   a - Magic Dart                     Conjuration                  1
   b - Searing Ray                    Conjuration                  2
   c - Dazzling Spray                 Conjuration/Hexes            3
   d - Fulminant Prism                Conjuration/Hexes            4
   e - Iskenderun's Mystic Blast      Conjuration                  4
   f - Iskenderun's Battlesphere      Conjuration/Charms           5
 N - a book of Burglary

   Spells                             Type                      Level
   a - Swiftness                      Charms/Air                   2
   b - Passwall                       Transmutation/Earth          3
   c - Passage of Golubria            Translocation                4
   d - Lee's Rapid Deconstruction     Earth                        5
   e - Darkness                       Hexes                        6
   f - Invisibility                   Hexes                        6
 U - a Young Poisoner's Handbook

   Spells                             Type                      Level
   a - Sting                          Conjuration/Poison           1
   b - Cure Poison                    Poison                       2
   c - Mephitic Cloud                 Conjuration/Poison/Air       3
   d - Olgreb's Toxic Radiance        Poison                       4
   e - Venom Bolt                     Conjuration/Poison           5
Miscellaneous
 D - a lamp of fire
 X - a fan of gales
Comestibles
 a - 4 chunks of flesh
 c - 11 bread rations
 i - 37 fruits
 l - 2 meat rations
 I - a slice of pizza
 Y - 2 beef jerkies


   Skills:
 - Level 8.4 Fighting
 - Level 9.0 Staves
 - Level 10.4 Dodging
 - Level 2.4 Stealth
 - Level 12.8 Spellcasting
 + Level 12.3 Conjurations
 + Level 13.0 Fire Magic
 - Level 1.0 Earth Magic
 - Level 0.2 Poison Magic
 - Level 7.1 Evocations


You had 11 spell levels left.
You knew the following spells:

 Your Spells              Type           Power        Failure   Level  Hunger
a - Flame Tongue          Conj/Fire      #####        0%          1    None
b - Stone Arrow           Conj/Erth      ######       1%          3    None
c - Conjure Flame         Conj/Fire      #######.     1%          3    None
d - Sticky Flame          Conj/Fire      #######.     1%          4    None
e - Fireball              Conj/Fire      #######...   1%          5    #......
f - Delayed Fireball      Conj/Fire      N/A          4%          7    ######.
g - Ignite Poison         Fire/Trmt/Pois #####...     1%          3    None
h - Bolt of Fire          Conj/Fire      #######...   1%          6    ####...


Dungeon Overview and Level Annotations

Branches:
Dungeon (11/15)            Temple (1/1) D:6            Lair (7/8) D:8
 Shoals (0/4) Lair:4       Spider (0/4) Lair:4          Orc (3/4) D:10
  Slime: Lair:6-8       Elf: Orc:3-4

Altars:
Ashenzari
Cheibriados
Dithmenos
Elyvilon
Fedhas
Gozag
Kikubaaqudgha
Makhleb
Nemelex Xobeh
Okawaru
Qazlal
Ru
Sif Muna
Trog
Vehumet
Xom
Yredelemnul
Zin
The Shining One

Shops:
Orc:3 (

Annotations:
D:5 Eustachio
Orc:3 Nessos


Message History

The poisoned arrow burns you.
* * * LOW HITPOINT WARNING * * *
You are lethally poisoned!
Read which item? (? for menu, Esc to quit)
Blink to where?
Press: ? - help, Dir - move target cursor, p - Nessos You are very lightly contaminated with residual magic.
As you read the scroll of blinking, it crumbles to dust.
* * * LOW HITPOINT WARNING * * *
You feel sick.
Unknown command.
Drink which item? (? for menu, Esc to quit)
You feel better.
Found 16 gold pieces.
Nessos shoots a poisoned arrow.
The poisoned arrow barely misses you.
Nessos shoots a poisoned arrow.
The poisoned arrow misses you.
Nessos shoots a poisoned arrow.
The poisoned arrow hits you!
* * * LOW HITPOINT WARNING * * *
The poisoned arrow burns you.
You die...

#....# ##.≈.....≈####....#.....
#....# #.........≈##...........
#....#####.......###.......#...
#.....## ######..###.......#...
##.....## ##..##..........)<
##......### #...###.......[[#.
#.........####..####.....#..#.[
##.......###...$.##.....##.###.
##...)..###..@.#*##...#....##.
#......###.#..#####.......##..
##..)..#........##......#####.
##...).....##.....#......)....
##......#.#####........)≈≈[≈≈≈≈
#........## *,..#.#.#.)≈#####≈
#......c## **.###.....≈#...#≈
##.......# *## ##.#..)..∩.#≈
#....##..####### ####.≈#...#≈


You could see Nessos.

Vanquished Creatures
  Gastronok (Lair:2)
  A minotaur (Lab)
  5 hydras
  Erolcha (D:8)
  Erica (Lair:2)
  The ghost of Vannevar the Earth Mage, a journeyman GrEE of Vehumet (D:11)
  A centaur warrior (D:11)
  2 death yaks (Lair:5)
  An unseen horror (Lab)
  A hill giant (D:10)
  Pikel (D:5)
  An orc knight (Orc:1)
  A griffon (Lair:5)
  A siren (Lair:4)
  Maurice (Orc:2)
  5 black mambas
  13 elephants
  A gargoyle (D:11)
  11 spiny frogs
  A kobold demonologist (D:11)
  5 komodo dragons
  2 trolls
  A polar bear (Lair:5)
  20 blink frogs
  A two-headed ogre (D:10)
  A boulder beetle (Lair:5)
  A slime creature (Lair:7)
  A deep elf mage (D:9)
  46 yaks
  A wraith (D:11)
  8 hungry ghosts
  7 wyverns (Lair:4)
  6 hippogriffs
  A deep elf fighter (D:8)
  A hog (Lair:7)
  2 wargs
  3 basilisks
  2 steam dragons
  16 wolves
  12 water moccasins
  2 sky beasts
  13 porcupines
  A black bear (D:8)
  A slave (D:5)
  2 eyes of draining (D:11)
  A wasp (Lair:4)
  An ice beast (D:8)
  11 centaurs
  16 orc warriors
  A necrophage (D:10)
  10 crocodiles
  3 ogres
  3 phantoms
  Blork the orc (D:6)
  6 big kobolds
  18 giant frogs
  A brain worm (D:11)
  8 gnoll sergeants (Bailey)
  10 killer bees
  A water moccasin skeleton (D:4)
  7 scorpions
  3 electric eels (Lair:3)
  A crimson imp (D:6)
  A giant frog zombie (D:7)
  2 centaur zombies
  5 hounds
  6 gnoll shamans (Bailey)
  14 orc priests
  Ijyb (D:2)
  A centaur skeleton (D:7)
  20 orc wizards
  2 giant frog skeletons
  8 iguanas
  15 sheep
  10 worker ants
  A hound zombie (D:5)
  A hound skeleton (D:6)
  14 gnolls (Bailey)
  15 adders
  4 shadow imps
  51 river rats
  2 oozes
  4 adder skeletons
  7 worms
  5 giant geckos
  145 orcs
  A ball python (D:3)
  9 giant cockroaches
  9 hobgoblins
  19 jackals
  15 kobolds
  3 quokkas
  17 bats
  3 giant newts
  8 goblins
  A jackal skeleton (D:9)
  A quokka skeleton (D:5)
  A quokka zombie (D:6)
  23 rats
  A bush (Lair:6)
  2 fungi
  2 plants (Lair:6)
758 creatures vanquished.

Vanquished Creatures (collateral kills)
  An ugly thing (D:11)
1 creature vanquished.

Vanquished Creatures (others)
  Menkaure (D:5)
  A worker ant (D:8)
  An adder (D:5)
  A giant gecko (D:5)
  A giant gecko zombie (D:5)
  8 fungi
  6 plants
19 creatures vanquished.

Grand Total: 778 creatures vanquished

Notes
Turn   | Place    | Note
--------------------------------------------------------------
     0 | D:1      | Garfong the Deep Elf Fire Elementalist began the quest for the Orb.
     0 | D:1      | Reached XP level 1. HP: 10/10 MP: 6/6
   164 | D:1      | Reached XP level 2. HP: 15/15 MP: 5/8
   238 | D:1      | Reached skill level 4 in Fire Magic
   830 | D:1      | Reached XP level 3. HP: 19/19 MP: 7/9
  1504 | D:2      | Learned a level 2 spell: Throw Flame
  1527 | D:2      | Learned a level 3 spell: Conjure Flame
  1672 | D:2      | Noticed Ijyb
  1685 | D:2      | Killed Ijyb
  1685 | D:2      | Reached skill level 5 in Fire Magic
  1685 | D:2      | Reached XP level 4. HP: 21/24 MP: 1/10
  2334 | D:3      | Reached XP level 5. HP: 28/28 MP: 6/11
  3146 | D:3      | Reached skill level 6 in Fire Magic
  3467 | D:4      | Noticed an ogre
  3467 | D:4      | Noticed a phantom
  3479 | D:3      | Killed an ogre
  3479 | D:3      | Reached XP level 6. HP: 16/32 MP: 6/12
  3682 | D:4      | Found a stormy altar of Qazlal.
  3964 | D:4      | Reached skill level 5 in Conjurations
  4000 | D:4      | Got a bloodstained glaive
  4001 | D:4      | Identified the +1 glaive of Doubt {freeze, Stlth+} (You found it on level 4 of the Dungeon)
  4188 | D:4      | Reached XP level 7. HP: 34/36 MP: 10/13
  4246 | D:4      | Killed a phantom
  4246 | D:4      | Reached skill level 7 in Fire Magic
  4434 | D:4      | Noticed a centaur
  4448 | D:4      | Killed a centaur
  4551 | D:5      | Entered Level 5 of the Dungeon
  4636 | D:5      | Learned a level 4 spell: Sticky Flame
  4700 | D:5      | Noticed Pikel
  4712 | D:5      | Killed Pikel
  4712 | D:5      | Reached XP level 8. HP: 39/41 MP: 1/21
  4721 | D:5      | Learned a level 5 spell: Fireball
  4912 | D:5      | Noticed Eustachio
  5143 | D:5      | Killed Menkaure
  5513 | D:6      | Noticed Blork the orc
  5517 | D:6      | Killed Blork the orc
  5652 | D:6      | Reached skill level 8 in Fire Magic
  6360 | D:6      | Found a staircase to the Ecumenical Temple.
  6626 | Temple   | Entered the Ecumenical Temple
  6721 | Temple   | Became a worshipper of Vehumet
  7141 | D:7      | Reached XP level 9. HP: 42/45 MP: 18/22
  7191 | D:8      | Noticed Erolcha
  7195 | D:8      | Reached skill level 1 in Fighting
  7509 | D:8      | Killed Erolcha
  7586 | D:8      | You fall through a shaft for 2 floors!
  7586 | D:10     | Entered Level 10 of the Dungeon
  7614 | D:9      | HP: 2/49 [poisoned by a killer bee]
  8119 | D:8      | Reached * piety under Vehumet
  8119 | D:8      | Offered knowledge of Sandblast by Vehumet.
  8391 | D:8      | Reached XP level 10. HP: 55/55 MP: 13/24
  8425 | D:8      | Reached ** piety under Vehumet
  8449 | D:8      | Offered knowledge of Shock by Vehumet.
  8814 | D:8      | Reached skill level 1 in Staves
  9203 | D:8      | Found a staircase to the Lair.
  9282 | Lair:1   | Entered Level 1 of the Lair of Beasts
  9346 | Lair:1   | Reached skill level 5 in Staves
  9454 | Lair:1   | Found a shimmering altar of Xom.
  9524 | Lair:1   | Offered knowledge of Stone Arrow by Vehumet.
  9569 | Lair:1   | Learned a level 3 spell: Stone Arrow
  9710 | Lair:1   | Reached *** piety under Vehumet
  9736 | Lair:1   | Reached skill level 9 in Spellcasting
 10259 | Lair:1   | Reached skill level 10 in Spellcasting
 10352 | Lair:1   | Noticed a four-headed hydra
 10367 | Lair:1   | Killed a four-headed hydra
 10367 | Lair:1   | Reached skill level 11 in Spellcasting
 10781 | Lair:2   | Reached skill level 12 in Spellcasting
 10781 | Lair:2   | Reached XP level 11. HP: 57/59 MP: 14/29
 11098 | Lair:2   | Noticed a five-headed hydra
 11110 | Lair:2   | Killed a five-headed hydra
 11110 | Lair:2   | Reached skill level 1 in Earth Magic
 11288 | Lair:2   | Offered knowledge of Ignite Poison by Vehumet.
 11359 | Lair:2   | Learned a level 3 spell: Ignite Poison
 11553 | Lair:2   | Noticed Gastronok
 11558 | Lair:2   | Noticed Erica
 11963 | D:8      | Reached **** piety under Vehumet
 12507 | D:9      | Offered knowledge of Lightning Bolt by Vehumet.
 13181 | D:10     | Noticed a centaur zombie
 13190 | D:10     | Killed a centaur zombie
 13674 | D:10     | Reached skill level 10 in Fire Magic
 13911 | D:10     | Found a staircase to the Orcish Mines.
 14326 | D:10     | Reached ***** piety under Vehumet
 14330 | D:10     | Offered knowledge of Conjure Ball Lightning by Vehumet.
 14405 | D:10     | Noticed a hill giant
 14410 | D:10     | Killed a hill giant
 14618 | D:11     | Reached XP level 12. HP: 64/64 MP: 17/30
 14831 | D:11     | Found a labyrinth entrance.
 14855 | D:11     | Noticed a centaur warrior
 14859 | D:11     | Reached skill level 10 in Conjurations
 15138 | D:11     | Killed a centaur warrior
 15183 | Lab      | Entered a labyrinth
 15692 | Lab      | Identified a scroll of acquirement
 16137 | Lab      | Noticed a minotaur
 16148 | Lab      | Killed a minotaur
 16148 | Lab      | Reached skill level 10 in Dodging
 16161 | Lab      | Identified a +4 rod of the swarm (13/13) (You found it in a labyrinth)
 16182 | D:11     | Reached skill level 1 in Evocations
 16351 | D:11     | Noticed Vannevar's ghost (journeyman GrEE)
 16356 | D:11     | Killed Vannevar's ghost
 16992 | Lair:2   | Killed Gastronok
 17129 | Lair:2   | Killed Erica
 18438 | Lair:3   | Reached XP level 13. HP: 68/68 MP: 6/31
 19490 | Lair:4   | Offered knowledge of Delayed Fireball by Vehumet.
 19499 | Lair:4   | Learned a level 7 spell: Delayed Fireball
 19588 | Lair:4   | Reached skill level 5 in Fighting
 20125 | Lair:4   | Found a hole to the Spider Nest.
 20323 | Lair:4   | Found a staircase to the Shoals.
 21076 | Lair:5   | Offered knowledge of Bolt of Fire by Vehumet.
 21136 | Lair:5   | Found a dark tunnel.
 21297 | Lair:5   | Learned a level 6 spell: Bolt of Fire
 22870 | Lair:6   | Reached XP level 14. HP: 84/84 MP: 5/32
 24126 | Lair:6   | Offered knowledge of Poisonous Cloud by Vehumet.
 24682 | Orc:1    | Entered Level 1 of the Orcish Mines
 25330 | Orc:1    | Found a bloodstained altar of Trog.
 25432 | Orc:2    | Noticed Maurice
 25436 | Orc:2    | Killed Maurice
 26174 | Orc:3    | Found Hejitem's Antique Weapon Shop.
 26264 | Orc:3    | Found a flagged portal.
 26270 | Bailey   | Entered a bailey
 26403 | Bailey   | Offered knowledge of Freezing Cloud by Vehumet.
 26887 | Orc:2    | Reached skill level 13 in Fire Magic
 27266 | Orc:3    | Noticed Nessos
 27281 | Orc:3    | HP: 4/84 [Nessos/poisoned arrow (17)]
 27281 | Orc:3    | Shot with a poisoned arrow by Nessos

Action                   |  1- 3 |  4- 6 |  7- 9 | 10-12 | 13-15 || total
-------------------------+-------+-------+-------+-------+-------++-------
Melee: Short sword       |       |     7 |    28 |       |       ||    35
       Lajatang          |       |       |    20 |   267 |   276 ||   563
 Cast: Flame Tongue      |    66 |   114 |   163 |   229 |    78 ||   650
       Conjure Flame     |       |     1 |       |       |       ||     1
       Sticky Flame      |       |       |    17 |    50 |    15 ||    82
       Fireball          |       |       |     9 |   106 |   179 ||   294
       Stone Arrow       |       |       |       |     7 |       ||     7
       Ignite Poison     |       |       |       |     1 |       ||     1
       Bolt of Fire      |       |       |       |       |    30 ||    30
       Delayed Fireball  |       |       |       |       |     3 ||     3
 Abil: Release Delayed F |       |       |       |       |     2 ||     2
Evoke: Wand              |       |       |       |     7 |       ||     7
       Rod               |       |       |       |     2 |       ||     2
       Fan of gales      |       |       |       |     1 |       ||     1
  Use: Scroll            |     5 |     2 |     1 |    21 |     9 ||    38
       Potion            |       |       |       |     2 |     3 ||     5
 Stab: Invisible         |       |       |       |     1 |       ||     1
       Distracted        |       |       |       |       |     1 ||     1
       Sleeping          |       |       |       |       |     1 ||     1
  Eat: Chunk             |     2 |     8 |    15 |    32 |    32 ||    89
       Pizza             |       |       |     1 |     1 |       ||     2
       Royal jelly       |       |       |       |     2 |       ||     2
       Beef jerky        |       |       |       |     1 |     1 ||     2
       Meat ration       |       |       |       |     1 |       ||     1
       Fruit             |       |       |       |     1 |       ||     1
